 Dungeon Crawl Stone Soup version 0.31.0-32-g396128a36d (webtiles) character file.

Game seed: 6724965202573777843

108 Tovical the Ducker (level 4, -2/21 (29) HPs)
             Began as a Tengu Monk on Mar 29, 2024.
             Slain by a gnoll
             ... wielding a +0 spear
              (6 damage)
             ... on level 3 of the Dungeon.
             The game lasted 00:04:18 (1689 turns).

Tovical the Ducker (Tengu Monk)                     Turns: 1689, Time: 00:04:19

HP:   -2/21 (29)    AC:  2    Str: 13    XL:     4   Next: 87%
MP:   5/5           EV: 14    Int: 11    God:
Gold: 165           SH:  0    Dex: 16    Spells: 3/3 levels left

rFire   + . .        a - +0 spear
rCold   + . .        d - orb {light}
rNeg    . . .        b - +0 robe
rPois   .            (helmet restricted)
rElec   .            (no cloak)
rCorr   .            (no gloves)
SInv    .            (boots unavailable)
Will    .....        (no amulet)
Stlth   +            j - ring of protection from fire
HPRegen 0.00/turn    (no ring)
MPRegen 0.09/turn

%: acrobat
@: inhibited regen, glowing, very heavily drained
A: beak, talons 3, acrobatic, cold resistance 1, inhibited regeneration
a: no special abilities


You were on level 3 of the Dungeon.
You visited 1 branch of the dungeon, and saw 4 of its levels.

You collected 165 gold pieces.

Inventory:

Hand Weapons
 a - a +0 spear (weapon)
Missiles
 e - 3 throwing nets (quivered)
Armour
 b - a +0 robe (worn)
 d - an orb of light (worn)
Jewellery
 j - a ring of protection from fire (left hand)
Scrolls
 c - a scroll of fog {unknown}
 f - 3 scrolls of teleportation {unknown}
 g - 2 scrolls of identify {unknown}
 i - a scroll of enchant armour {unknown}
 k - a scroll of blinking {unknown}


   Skills:
 + Level 4.0 Fighting
 + Level 4.3 Polearms
 + Level 4.3 Dodging


You had 3 spell levels left.
You didn't know any spells.
Your spell library contained the following spells:

 Spells                   Type           Power      Damage    Failure   Level
 Apportation              Tloc           0%         N/A       34%         1
 Necrotise                Necr           0%         1d4       34%         1
 Sting                    Conj/Alch      0%         1d3       34%         1
 Summon Small Mammal      Summ           0%         N/A       34%         1
 Ensorcelled Hibernation  Hex/Ice        0%         N/A       47%         2
 Fugue of the Fallen      Necr           0%         N/A       71%         3
 Anguish                  Hex/Necr       0%         N/A       98%         4


Dungeon Overview and Level Annotations

Branches:
Dungeon (4/15)
 Temple: D:4-7

Altars:
Nemelex Xobeh
Xom
The Shining One

Shops:
D:4 *

Annotations:
D:2 Sigmund


Innate Abilities, Weirdness & Mutations

You have a beak for a mouth.
You have claws for feet.
You can magically evade attacks while moving or waiting.
Your flesh is cold resistant. (rC+)
You do not regenerate when monsters are visible.


Message History

The gnoll is lightly wounded.
The gnoll hits you from afar with a +0 spear.
You reach to attack!
You hit the gnoll.
The gnoll is heavily wounded.
The gnoll completely misses you.
You reach to attack!
You hit the gnoll but do no damage.
The gnoll is heavily wounded.
The gnoll misses you.
You reach to attack!
You hit the gnoll but do no damage.
The gnoll is heavily wounded.
The gnoll hits you from afar with a +0 spear.
You are too injured to fight recklessly!
The gnoll attacks as it pursues you! The gnoll barely misses you.
The gnoll attacks as it pursues you! The gnoll misses you.
The gnoll attacks as it pursues you! The gnoll completely misses you.
The gnoll attacks as it pursues you! The gnoll completely misses you.
The gnoll throws a throwing net.
The throwing net completely misses you.
There is a stone staircase leading up here.
You see here a throwing net.
e - 2 throwing nets (gained 1)
The gnoll throws a throwing net.
The throwing net barely misses you.
e - 3 throwing nets (gained 1)
The gnoll hits you from afar with a +0 spear.
You are too injured to fight recklessly!
You are too injured to fight recklessly!
Reach: a) +0 spear
Press: ? - help, Dir - move target, f/p - gnoll
Aim: a gnoll, wielding a +0 spear (moderately wounded, haloed, about 15% to evade your +0 spear)
You reach to attack!
You hit the gnoll.
The gnoll is severely wounded.
The gnoll barely misses you.
Reach: a) +0 spear
Press: ? - help, Dir - move target, f/p - gnoll
Aim: a gnoll, wielding a +0 spear (heavily wounded, haloed, about 15% to evade your +0 spear)
You reach to attack!
You hit the gnoll.
The gnoll is severely wounded.
The gnoll hits you from afar with a +0 spear.
* * * LOW HITPOINT WARNING * * *
The gnoll hits you from afar with a +0 spear.
You die...

### #.####### #.).g.... #.# #.#
#.# #.####### #g#....g###
#.#.#..g.@# ##### #g#.#######
#....... #.#.....# ........#
########.g..##.#######.....#.
...)........................
..>....<....##.######.#..#.#
####.#########.#####.....#.#..#
#.# #....)........#..# #.#
#######.....###..#


You could see 2 gnolls.

Vanquished Creatures
  Terence (D:2)
  An adder (D:2)
  A gnoll (D:3)
  A ribbon worm (D:2)
  A dart slug (D:1)
  2 orcs (D:3)
  6 ball pythons
  5 endoplasms
  4 giant cockroaches
  8 goblins
  8 hobgoblins
  2 kobolds
  A quokka (D:2)
  3 bats (D:1)
  2 frilled lizards
  5 rats
51 creatures vanquished.

Notes
Turn   | Place    | Note
-------+----------+-------------------------------------------
     0 | D:1      | Tovical the Tengu Monk began the quest for the Orb.
     0 | D:1      | Reached XP level 1. HP: 14/14 MP: 2/2
   131 | D:1      | Reached XP level 2. HP: 19/19 MP: 3/3
   404 | D:1      | Reached XP level 3. HP: 23/23 MP: 4/4
   965 | D:2      | Noticed Terence
   989 | D:2      | Killed Terence
   990 | D:2      | Reached XP level 4. HP: 9/17 MP: 5/5
  1232 | D:2      | Noticed Sigmund
  1233 | D:2      | Gained mutation: You do not regenerate when monsters are
                  | visible. [potion of mutation]
  1233 | D:2      | Gained mutation: Your flesh is cold resistant. (rC+)
                  | [potion of mutation]
  1244 | D:3      | Found a faded altar of an unknown god.
  1325 | D:3      | Found a sparkling altar of Nemelex Xobeh.
  1432 | D:4      | Noticed a scorpion
  1493 | D:3      | Found a shimmering altar of Xom.
  1493 | D:3      | Found a glowing golden altar of the Shining One.
  1542 | D:4      | Found Inepleq's Overcharged Wands.
  1689 | D:3      | Slain by a gnoll

Illustrated notes

Levels and vault maps discovered:
D:1:      mrwooster_arrival_statue_2, layout_loops_ring
D:2:      layout_loops_ring, corexii_corridor_pit, uniq_terence, uniq_sigmund
D:3:      layout_basic, mainiacjoe_overflow_paths,
          gammafunk_temple_overflow_statue, serial_shops,
          nicolae_lakefront_shop, shapermc_ecumenical_altar_pompeii
D:4:      layout_rooms, mainiacjoe_overflow_24_doors, minmay_misc_feat_x,
          nicolae_shop_overcharged_wands

Skill      XL: |  1  2  3  4 |
---------------+-------------+-----
Polearms       | 4 |  4.3
Dodging        | 4 |  4.3
Fighting       | 4 |  4.0

Action                     |  1- 3 |  4- 6 || total
---------------------------+-------+-------++-------
  Melee: Spear             |   106 |    26 ||   132
         Kick              |    33 |     4 ||    37
         Peck              |    11 |     2 ||    13
    Use: Potion            |     1 |     3 ||     4
 Armour: Robe              |    27 |    10 ||    37
  Dodge: Dodged            |    30 |    17 ||    47
